 Dungeon Crawl Stone Soup version 0.30-a0-996-ga6910c8ee8 (webtiles) character file.

Game seed: 17918813520903219696

2018 NinjaNoafa the Magician (level 9, 0/62 (65) HPs)
             Began as a Gnoll Earth Elementalist on Apr 4, 2023.
             Slain by a hornet (6 damage)
             ... while paralysed by a hornet
             ... on level 7 of the Dungeon.
             The game lasted 00:16:20 (3814 turns).

NinjaNoafa the Magician (Gnoll Earth Elementalist)  Turns: 3814, Time: 00:16:21

HP:   0/62 (65)     AC:  6    Str:  8    XL:     9   Next: 23%
MP:   2/18          EV:  2    Int: 18    God:
Gold: 392           SH:  0    Dex: 13    Spells: 15/21 levels left

rFire   . . .      SeeInvis +    b - +4 scimitar
rCold   . . .      Faith    .    (no shield)
rNeg    . . .      Spirit   .    k - +2 robe {Will+}
rPois   .          Reflect  .    (no helmet)
rElec   .          Rampage  .    (no cloak)
rCorr   .                        n - +0 pair of gloves
Will    +....                    o - +0 pair of boots
Stlth   +++                      (no amulet)
HPRegen 0.30/turn                u - ring of see invisible
MPRegen 0.16/turn                (no ring)

@: paralysed, lethally poisoned (0 -> -10), slowed, lightly drained
A: fangs 1, strong nose, distributed training
a: no special abilities


You were on level 7 of the Dungeon.
You visited 1 branch of the dungeon, and saw 8 of its levels.

You collected 392 gold pieces.

Inventory:

Hand Weapons
 b - a +4 scimitar (weapon)
Missiles
 m - 10 boomerangs
 x - 3 javelins
 J - 4 poisoned darts
Armour
 k - a +2 robe of willpower (worn)
 n - a +0 pair of gloves (worn)
 o - a +0 pair of boots (worn)
 A - a +2 robe of resistance
Magical Staves
 a - a staff of poison
Jewellery
 u - a ring of see invisible (left hand)
 y - a ring of fire
Wands
 F - a wand of iceblast (5)
 I - a wand of quicksilver (8)
Scrolls
 f - a scroll of blinking {unknown}
 h - 2 scrolls of poison
 l - 4 scrolls of immolation
 p - 2 scrolls of enchant armour {unknown}
 q - a scroll of butterflies {unknown}
 r - a scroll of enchant weapon {unknown}
 t - a scroll of noise {unknown}
 B - a scroll of fear {unknown}
 C - a scroll of magic mapping {unknown}
 D - a scroll of brand weapon {unknown}
 E - a scroll of vulnerability {unknown}
 G - a scroll of amnesia {unknown}
Potions
 d - a potion of ambrosia {unknown}
 e - 2 potions of heal wounds
 g - a potion of berserk rage
 i - 2 potions of lignification {unknown}
 j - 2 potions of haste {unknown}
 s - 3 potions of curing
 v - a potion of mutation {unknown}
 w - 2 potions of flight {unknown}
 z - a potion of invisibility {unknown}
 H - a potion of attraction {unknown}
 K - a potion of magic


   Skills:
 + Level 4.2 Fighting
 + Level 4.2 Short Blades
 + Level 4.2 Long Blades
 + Level 4.2 Axes
 + Level 4.2 Maces & Flails
 + Level 4.2 Polearms
 + Level 4.2 Staves
 + Level 4.2 Ranged Weapons
 + Level 4.2 Throwing
 + Level 4.2 Armour
 + Level 6.3 Dodging
 + Level 6.0 Stealth
 + Level 4.2 Shields
 + Level 4.2 Unarmed Combat
 + Level 6.6 Spellcasting
 + Level 3.4 Conjurations
 + Level 3.4 Hexes
 + Level 3.4 Summonings
 + Level 3.4 Necromancy
 + Level 3.4 Translocations
 + Level 4.1 Transmutations
 + Level 3.4 Fire Magic
 + Level 3.4 Ice Magic
 + Level 3.4 Air Magic
 + Level 6.5 Earth Magic
 + Level 3.4 Poison Magic
 + Level 4.6 Invocations
 + Level 4.2 Evocations


You had 15 spell levels left.
You knew the following spells:

 Your Spells              Type           Power      Damage    Failure   Level
a - Sandblast             Erth           58%        2d13      1%          1
b - Passwall              Tmut/Erth      20%        N/A       1%          2
i - Stone Arrow           Conj/Erth      46%        3d9       4%          3

Your spell library contained the following spells:

 Spells                   Type           Power      Damage    Failure   Level
 Beastly Appendage        Tmut           40%        N/A       1%          1
 Slow                     Hex            72%        N/A       2%          1
 Wereblood                Tmut           20%        N/A       3%          2
 Ensorcelled Hibernation  Hex/Ice        36%        N/A       4%          2
 Spider Form              Tmut/Pois      19%        N/A       7%          3
 Confusing Touch          Hex            18%        N/A       9%          3
 Vampiric Draining        Necr           18%        2d7       9%          3
 Petrify                  Tmut/Erth      25%        N/A       12%         4


Dungeon Overview and Level Annotations

Branches:
Dungeon (8/15)
 Temple: D:4-7         Lair: D:8-11

Altars:
Okawaru

Shops:
D:8 *


Innate Abilities, Weirdness & Mutations

You have very sharp teeth.
Your uncanny sense of smell can sniff out nearby items.
Your experience applies equally to all skills.


Message History

You see here a scroll labelled EFULU YNIOGH.
Aiming: Stone Arrow (dangerous; 4% risk of failure)
Press: ? - help, Q - select action, (/) - cycle Shift-Dir - straight line, f - hornet
Aim: a hornet (asleep, 100% to hit)
The stone arrow hits the hornet!
The hornet is moderately wounded.
The hornet buzzes angrily.
Aiming: Stone Arrow (dangerous; 4% risk of failure)
Press: ? - help, Q - select action, (/) - cycle Shift-Dir - straight line, f/p - hornet
Aim: a hornet (moderately wounded, 57% to hit)
The stone arrow hits the hornet!
The hornet is severely wounded.
Aiming: Stone Arrow (dangerous; 4% risk of failure)
Press: ? - help, Q - select action, (/) - cycle Shift-Dir - straight line, f/p - hornet
Aim: a hornet (severely wounded, 57% to hit)
The stone arrow hits the hornet.
The hornet is severely wounded.
The hornet stings you!
* * * LOW HITPOINT WARNING * * *
You are poisoned.
You feel yourself slow down. The hornet closely misses you.
Unknown command.
Unknown command.
Unknown command.
Unknown command.
Unknown command.
Unknown command.
You feel very sick. The hornet closely misses you. The hornet stings you.
* * * LOW HITPOINT WARNING * * *
You suddenly lose the ability to move!
You feel yourself speed up.
You feel sick. The hornet stings you!
* * * LOW HITPOINT WARNING * * *
You are lethally poisoned!
You feel yourself slow down.
* * * LOW HITPOINT WARNING * * *
You feel very sick. The hornet stings you.
You die...

#####.##.##
###.#.#.....## .
#............#..
................
................
................
..#...........).
^......y@.......
.....l.?........
................
#####......#....
#.#....# ...
...#....#...#
###.#>.......#
#..........
#........##..


You could see a hornet and an iguana.

Vanquished Creatures
  Grinder (D:5)
  Sigmund (D:3)
  A water moccasin (D:5)
  A sky beast (D:8)
  A black bear (D:5)
  A kobold brigand (D:8)
  2 bullfrogs (D:4)
  2 gnoll sergeants
  A scorpion (D:4)
  5 wights (D:8)
  4 orc priests
  5 hounds
  Jessica (D:2)
  3 iguanas (D:5)
  An orc wizard (D:4)
  12 gnolls
  9 adders
  A shadow imp (D:5)
  An ufetubus (D:4)
  3 dart slugs
  19 orcs
  10 endoplasms
  A giant cockroach (D:2)
  11 goblins
  16 hobgoblins
  2 jackals (D:2)
  5 quokkas
  6 ball pythons
  5 bats
  2 frilled lizards (D:1)
  11 kobolds
  5 rats
149 creatures vanquished.

Notes
Turn   | Place    | Note
-------+----------+-------------------------------------------
     0 | D:1      | NinjaNoafa the Gnoll Earth Elementalist began the quest for
                  | the Orb.
     0 | D:1      | Reached XP level 1. HP: 13/13 MP: 6/6
    79 | D:1      | Reached XP level 2. HP: 19/19 MP: 3/7
   295 | D:1      | Reached skill level 5 in Spellcasting
   295 | D:1      | Reached XP level 3. HP: 23/25 MP: 5/9
   742 | D:2      | Reached skill level 1 in Invocations
   774 | D:2      | Learned a level 2 spell: Passwall
   777 | D:2      | Noticed Jessica
   777 | D:2      | Killed Jessica
   778 | D:2      | Reached skill level 1 in Fighting
   778 | D:2      | Reached skill level 1 in Short Blades
   778 | D:2      | Reached skill level 1 in Long Blades
   778 | D:2      | Reached skill level 1 in Axes
   778 | D:2      | Reached skill level 1 in Maces & Flails
   778 | D:2      | Reached skill level 1 in Polearms
   778 | D:2      | Reached skill level 1 in Staves
   778 | D:2      | Reached skill level 1 in Ranged Weapons
   778 | D:2      | Reached skill level 1 in Throwing
   778 | D:2      | Reached skill level 1 in Armour
   778 | D:2      | Reached skill level 1 in Shields
   778 | D:2      | Reached skill level 1 in Unarmed Combat
   778 | D:2      | Reached skill level 1 in Evocations
   778 | D:2      | Reached XP level 4. HP: 32/32 MP: 7/11
   789 | D:2      | Got Jessica's Codex of Hexes
   978 | D:2      | Identified the +3 ring mail of Death Resistance {rC+ Will+
                  | SInv}
  1018 | D:2      | Reached skill level 1 in Conjurations
  1018 | D:2      | Reached skill level 1 in Hexes
  1018 | D:2      | Reached skill level 1 in Summonings
  1018 | D:2      | Reached skill level 1 in Necromancy
  1018 | D:2      | Reached skill level 1 in Translocations
  1018 | D:2      | Reached skill level 1 in Fire Magic
  1018 | D:2      | Reached skill level 1 in Ice Magic
  1018 | D:2      | Reached skill level 1 in Air Magic
  1018 | D:2      | Reached skill level 1 in Poison Magic
  1230 | D:2      | Found a faded altar of an unknown god.
  1554 | D:3      | Reached XP level 5. HP: 35/37 MP: 6/12
  1640 | D:3      | Noticed Sigmund
  1648 | D:3      | Killed Sigmund
  1649 | D:3      | Reached skill level 5 in Dodging
  1649 | D:3      | Reached XP level 6. HP: 38/44 MP: 4/14
  2299 | D:4      | Reached XP level 7. HP: 48/50 MP: 12/15
  2514 | D:5      | Entered Level 5 of the Dungeon
  2519 | D:5      | Learned a level 3 spell: Stone Arrow
  2553 | D:5      | Reached skill level 5 in Stealth
  2841 | D:5      | Reached XP level 8. HP: 58/58 MP: 7/16
  3287 | D:5      | Found an iron altar of Okawaru.
  3424 | D:5      | Noticed Grinder
  3430 | D:5      | Killed Grinder
  3444 | D:6      | You fall into a shaft and drop 2 floors!
  3632 | D:8      | Found Caoliej's Serpentskin Sales.
  3666 | D:8      | Reached XP level 9. HP: 65/65 MP: 7/18
  3805 | D:7      | Noticed a hornet
  3812 | D:7      | Paralysed by a hornet for 3 turns
  3814 | D:7      | Slain by a hornet

Illustrated notes

Levels and vault maps discovered:
D:1:      dpeg_arrival_orchard, layout_basic, amcnicky_mini_corridor_feature,
          minmay_hexomino_f4
D:2:      layout_loops_cross, dreamdust_ecumenical_altar_hidden_monk_grotto,
          kennysheep_jessica_study
D:3:      layout_loops_ring, uniq_sigmund
D:4:      cheibrodos_greedy_goblins, layout_basic
D:5:      layout_rooms, okawaru_altar_gauntlet_db, uniq_grinder
D:6:      layout_loops_cross, cheibrodos_sewer_entry_sluice,
          nicolae_concentric_dashed_squares_mild
D:7:      layout_cave_pools, minmay_temple_entry_trees, serial_shops, shop,
          enter_bailey_4
D:8:      layout_loops_corners, guppyfry_shop_venom

Skill      XL: |  1  2  3  4  5  6  7  8  9 |
---------------+----------------------------+-----
Transmutations | 2 3 4 |  4.1
Spellcasting   | 5 6 |  6.6
Invocations    | 1 2 3 4 |  4.6
Fighting       | 1 2 3 4 |  4.2
Short Blades   | 1 2 3 4 |  4.2
Long Blades    | 1 2 3 4 |  4.2
Axes           | 1 2 3 4 |  4.2
Maces & Flails | 1 2 3 4 |  4.2
Polearms       | 1 2 3 4 |  4.2
Staves         | 1 2 3 4 |  4.2
Ranged Weapons | 1 2 3 4 |  4.2
Throwing       | 1 2 3 4 |  4.2
Armour         | 1 2 3 4 |  4.2
Shields        | 1 2 3 4 |  4.2
Unarmed Combat | 1 2 3 4 |  4.2
Evocations     | 1 2 3 4 |  4.2
Conjurations   | 1 2 3 |  3.4
Hexes          | 1 2 3 |  3.4
Summonings     | 1 2 3 |  3.4
Necromancy     | 1 2 3 |  3.4
Translocations | 1 2 3 |  3.4
Fire Magic     | 1 2 3 |  3.4
Ice Magic      | 1 2 3 |  3.4
Air Magic      | 1 2 3 |  3.4
Poison Magic   | 1 2 3 |  3.4
Dodging        | 5 6 |  6.3
Stealth        | 5 6 |  6.0
Earth Magic    | 6 |  6.5

Action                     |  1- 3 |  4- 6 |  7- 9 || total
---------------------------+-------+-------+-------++-------
  Melee: Unarmed           |     7 |       |       ||     7
         Bite              |     2 |       |     2 ||     4
         Staff             |     2 |       |    13 ||    15
         Short sword       |     2 |       |       ||     2
         Scimitar          |       |       |     3 ||     3
   Cast: Sandblast         |    38 |    76 |    76 ||   190
         Passwall          |     1 |     1 |     4 ||     6
         Stone Arrow       |       |       |    48 ||    48
  Evoke: Wand              |       |       |     3 ||     3
    Use: Scroll            |       |     5 |     1 ||     6
         Potion            |       |       |     2 ||     2
 Armour: Robe              |    20 |    21 |    37 ||    78
  Dodge: Dodged            |    35 |    28 |   107 ||   170

Table legend: (Time is in decaauts)
 A = Elapsed time spent in this place.
 B = Non-inter-level travel time spent in this place.
 C = Inter-level travel time spent in this place.
 D = Time resting spent in this place.
 E = Time spent auto-exploring this place.
 F = Levels seen in this place.
 G = Mean time per level.
                   A        B        C        D        E       F      G
               +--------+--------+--------+--------+--------+-----+--------+
         Total |   3914 |   3453 |    461 |     50 |   2280 |   8 |  489.2 |
       Dungeon |   3914 |   3453 |    461 |     50 |   2280 |   8 |  489.2 |
               +--------+--------+--------+--------+--------+-----+--------+

Top non-repeatable levels by time:
     D:4: 791 daAuts
     D:1: 741 daAuts
     D:2: 711 daAuts
     D:3: 656 daAuts
     D:5: 638 daAuts
     D:8: 313 daAuts
     D:7: 61 daAuts
